 Dungeon Crawl Stone Soup version 0.16.0-16-g311141a (webtiles) character file.

98 Chiseanne the Skirmisher (level 4, -5/37 HPs)
             Began as a Mummy Monk on Mar 19, 2015.
             Killed from afar by a wretched star (8 damage)
             ... with an orb of energy
             ... on level 2 of the Abyss.
             The game lasted 00:09:33 (1293 turns).

Chiseanne the Skirmisher (Mummy Monk)               Turns: 1293, Time: 00:09:33

Health: -5/37      AC:  6    Str: 14      XL:     4   Next: 43%
Magic:  4/4        EV: 12    Int:  8 (10) God:
Gold:   106        SH:  0    Dex: 14      Spells: 0 memorised, 3 levels left

rFire  x . .     SeeInvis .     s - +3 dagger
rCold  + . .     Clarity  .     k - +0 ring mail
rNeg   + + +     SustAb   .     (no shield)
rPois  ∞         Gourm    .     (no helmet)
rElec  .         Spirit   .     (no cloak)
rCorr  .         Warding  .     (no gloves)
rMut   .         Stasis   .     b - +0 pair of boots
MR     .....                    c - amulet of regeneration
Stlth  +.........               (no ring)
                                (no ring)

@: not resistant to hostile enchantments, very unstealthy
A: no food or potions, fire vulnerability, restore body, cold resistance 1,
negative energy resistance 3, poison resistance, torment resistance, unbreathing
a: no special abilities


You were on level 2 of the Abyss.
You were not hungry.

You visited 1 branch of the dungeon, and saw 2 of its levels.
You visited the Abyss 1 time.

You collected 106 gold pieces.

Inventory:

Hand weapons
 a - a +0 hand axe of freezing
 s - a +3 dagger (weapon)
Missiles
 d - 19 bolts
 e - 23 poisoned needles
 g - 41 arrows
 i - 18 arrows of flame
 l - 10 poisoned bolts
Armour
 b - a +0 pair of boots (worn)
 k - a +0 ring mail (worn)
Jewellery
 c - an amulet of regeneration (around neck)
 m - an uncursed ring of teleportation
Scrolls
 f - 2 scrolls of identify


   Skills:
 * Level 4.1 Fighting
 * Level 3.6 Dodging
 - Level 1.5 Stealth
 - Level 3.2 Unarmed Combat
 * Level 0.1 Evocations


You had 3 spell levels left.
You didn't know any spells.

Dungeon Overview and Level Annotations

Branches:
Dungeon (2/15)

Altars:
Ashenzari
Sif Muna
Xom


Innate Abilities, Weirdness & Mutations

You do not eat or drink.
Your flesh is vulnerable to fire.
Your flesh is cold resistant.
You are immune to negative energy.
Your system is resistant to poisons.
You are immune to unholy pain and torment.
You can survive without breathing.


Message History

You aren't carrying any items that can be evoked.
Unknown command.
There is a gateway leading deeper into the Abyss here.
You plunge deeper into the Abyss.
You sense a powerful magical force warping space.
Found 14 stones.
Unknown command.
Found 12 gold pieces.
You now have 106 gold pieces (gained 12).
A wretched star punctures the fabric of time!
The wretched star pulses with an eldritch light!
You feel dopey. x2
Unknown command.
The wretched star glows turbulently.
The orb of energy hits you!
Ouch! That really hurt!
* * * LOW HITPOINT WARNING * * *
The wretched star glows turbulently.
The orb of energy hits you!
You die...

. . ### ######
. #.##.##..##
..*....##..#*##
....
###..####.#
*... ..##.#
##.### ##. #
..# #....## ..#
.#..#.##.##.#.#
..
..##.##..#...##
...#.# #..#
###@# ####.#
.#. #...# # #
#.... . #.###..
## .#. ####


You could see a wretched star.

Vanquished Creatures
  Ijyb (D:2)
  3 adders (D:2)
  A gnoll (D:2)
  A worm (D:2)
  2 giant geckos (D:2)
  An ooze (D:1)
  3 bats
  9 goblins
  7 hobgoblins
  A quokka (D:2)
  3 giant newts
  3 kobolds
  5 rats
40 creatures vanquished.

Vanquished Creatures (others)
  2 starspawn tentacles (Abyss:1)
  12 starspawn tentacle segments (Abyss:1)
14 creatures vanquished.

Grand Total: 54 creatures vanquished

Notes
Turn   | Place    | Note
--------------------------------------------------------------
     0 | D:1      | Chiseanne, the Mummy Monk, began the quest for the Orb.
     0 | D:1      | Reached XP level 1. HP: 18/18 MP: 1/1
    57 | D:1      | Found a shattered altar of Ashenzari.
   209 | D:1      | Reached XP level 2. HP: 24/24 MP: 2/2
   658 | D:2      | Reached XP level 3. HP: 26/30 MP: 3/3
   727 | D:2      | Found a deep blue altar of Sif Muna.
   830 | D:2      | Noticed Ijyb
   844 | D:2      | Killed Ijyb
   844 | D:2      | Reached XP level 4. HP: 28/37 MP: 4/4
   930 | D:2      | Reached skill level 4 in Fighting
  1178 | D:2      | Found a shimmering altar of Xom.
  1184 | D:2      | Cast into the Abyss (gnoll)
  1230 | Abyss:1  | Noticed a tentacled starspawn
  1240 | Abyss:1  | Noticed a six-headed hydra skeleton
  1278 | Abyss:2  | Noticed a wretched star
  1293 | Abyss:2  | Killed from afar by a wretched star

Action                   |  1- 3 |  4- 6 || total
-------------------------+-------+-------++-------
Melee: Short sword       |    11 |       ||    11
       Unarmed           |     2 |       ||     2
       Hand axe          |    57 |       ||    57
       Dagger            |       |    25 ||    25
  Use: Scroll            |     5 |     7 ||    12
 Stab: Sleeping          |     1 |       ||     1
